 Dungeon Crawl Stone Soup version 0.30-a0-862-g1aabd4f9c5 (webtiles) character file.

Game seed: 11207547495492172259

693 Grim the Cleaver (level 7, -5/57 HPs)
             Began as a Minotaur Berserker on Mar 9, 2023.
             Was a Priest of Trog.
             Slain by an unseen horror (8 damage)
             ... on level 5 of the Dungeon.
             The game lasted 00:06:23 (3775 turns).

Grim the Cleaver (Minotaur Berserker)               Turns: 3775, Time: 00:06:24

Health: -5/57      AC:  7    Str: 23    XL:     7   Next: 37%
Magic:  6/6        EV: 11    Int:  7    God:    Trog [***...]
Gold:   223        SH:  0    Dex: 10    Spells: 6/6 levels left

rFire   . . .      SeeInvis .    u - +0 war axe (flame)
rCold   + . .      Faith    .    (no shield)
rNeg    . . .      Spirit   .    q - +3 leather armour of Minor Irritation {+Blink rElec Int+3}
rPois   .          Reflect  .    (helmet restricted)
rElec   +          Rampage  .    (no cloak)
rCorr   .                        (no gloves)
Will    .....                    n - +0 pair of boots
Stlth   +                        (no amulet)
HPRegen 0.29/turn                g - ring of protection from cold
MPRegen 0.10/turn                (no ring)

@: on berserk cooldown, slowed, very slow
A: horns 2, retaliatory headbutt
a: Renounce Religion, Evoke Blink, Berserk, Trog's Hand


You were on level 5 of the Dungeon.
You worshipped Trog.
Trog was most pleased with you.
You visited 1 branch of the dungeon, and saw 5 of its levels.

You collected 223 gold pieces.

Inventory:

Hand Weapons
 u - a +0 war axe of flaming (weapon)
Missiles
 d - 5 javelins (quivered)
Armour
 h - a +0 scale mail
 n - a +0 pair of boots (worn)
 q - the +3 leather armour of Minor Irritation (worn) {+Blink rElec Int+3}
   (You found it on level 4 of the Dungeon)

   Int:       It affects your intelligence (+3).
   rElec:     It insulates you from electricity.
   +Blink:    It lets you blink.
Jewellery
 g - a ring of protection from cold (left hand)
Wands
 r - a wand of iceblast (11)
Scrolls
 a - 3 scrolls of acquirement {unknown}
 c - 2 scrolls of vulnerability {unknown}
 f - 5 scrolls of teleportation {unknown}
 j - 2 scrolls of fear {unknown}
 m - a scroll of identify {unknown}
 o - a scroll of noise {unknown}
 p - a scroll of immolation {unknown}
Potions
 b - a potion of attraction {unknown}
 e - 2 potions of heal wounds {unknown}
 i - 3 potions of might {unknown}
 k - a potion of magic {unknown}
 l - a potion of curing {unknown}
 s - a potion of ambrosia {unknown}


   Skills:
 - Level 3.6 Fighting
 + Level 10.4 Axes
 - Level 2.4 Armour
 - Level 2.1 Dodging


You had 6 spell levels left.
You didn't know any spells.
Your spell library was empty.

Dungeon Overview and Level Annotations

Branches:
Dungeon (5/15)
 Temple: D:4-7

Altars:
Ashenzari
Makhleb
Nemelex Xobeh
Okawaru
Trog
Vehumet
Wu Jian

Shops:
D:1 ?


Innate Abilities, Weirdness & Mutations

You have a pair of horns on your head.
You reflexively headbutt those who attack you in melee.


Message History

Found 8 stones.
There is an open door here.
Something hits you but does no damage.
Deactivating autopickup; reactivate with Ctrl-A.
Found 13 gold pieces.
Something hits you!
There is a strange disturbance nearby!
No target in view!
Something hits you! Something hits you but does no damage.
You completely miss something. You headbutt something.
Something hits you but does no damage.
You barely miss something. Your headbutt misses something. Something hits you.
Something hits you but does no damage.
Found 6 gold pieces.
Something hits you.
You closely miss something. Something hits you!
* * * LOW HITPOINT WARNING * * *
Something hits you but does no damage. Something hits you.
* * * LOW HITPOINT WARNING * * *
Something hits you.
* * * LOW HITPOINT WARNING * * *
You closely miss something. Something barely misses you.
You miss something. You headbutt something. Something hits you!
* * * LOW HITPOINT WARNING * * *
Something hits you but does no damage.
A red film seems to cover your vision as you go berserk!
You feel yourself moving faster!
You feel mighty! Something hits you.
* * * LOW HITPOINT WARNING * * *
You feel a strong urge to attack something.
Something hits you but does no damage. Something hits you but does no damage.
You feel your anger nearly subside.
You are no longer berserk.
You are exhausted.
You feel yourself slow down. Something hits you.
* * * LOW HITPOINT WARNING * * *
You hit something. You burn something. Something hits you.
* * * LOW HITPOINT WARNING * * *
Something hits you.
* * * LOW HITPOINT WARNING * * *
Something hits you!
You die...

##+#####+####
#............
#............
#........$..$
#...@........
#+#####............
.........#+#############
..>......# #.....#
.........# #.....#
.........# #.....#
(........# #.....#
.........# ##....#
.........# #....##


There were no monsters in sight!

Vanquished Creatures
  A black bear (D:4)
  An ogre (D:4)
  2 phantoms (D:4)
  2 scorpions (D:4)
  A jelly (D:5)
  Ijyb (D:4)
  2 hounds (D:4)
  An orc wizard (D:5)
  An adder (D:4)
  An ufetubus (D:4)
  2 worms
  2 dart slugs (D:4)
  9 orcs
  11 endoplasms
  3 giant cockroaches
  7 goblins
  7 hobgoblins
  8 jackals (D:1)
  6 quokkas
  5 ball pythons
  6 bats
  8 frilled lizards
  6 kobolds
  2 rats
95 creatures vanquished.

Notes
Turn   | Place    | Note
-------+----------+-------------------------------------------
     0 | D:1      | Grim the Minotaur Berserker began the quest for the Orb.
     0 | D:1      | Reached XP level 1. HP: 19/19 MP: 0/0
    76 | D:1      | Reached skill level 4 in Axes
   105 | D:1      | Reached XP level 2. HP: 11/26 MP: 1/1
   317 | D:1      | Reached skill level 5 in Axes
   384 | D:1      | Reached ** piety under Trog
   387 | D:1      | Reached XP level 3. HP: 31/31 MP: 2/2
   399 | D:1      | Found Fumuhic's Magic Scroll Boutique.
   906 | D:2      | Identified the +4 robe of Shadows and Fog {Regen+ Stlth+}
  1857 | D:3      | Found a radiant altar of Vehumet.
  1915 | D:3      | Reached XP level 4. HP: 34/39 MP: 3/3
  1940 | D:3      | Found an ornate altar of the Wu Jian Council.
  1979 | D:3      | Reached skill level 6 in Axes
  2234 | D:3      | Found an iron altar of Okawaru.
  2355 | D:3      | Found a broken altar of Ashenzari.
  2356 | D:3      | Found a bloodstained altar of Trog.
  2361 | D:3      | Found a burning altar of Makhleb.
  2420 | D:4      | Noticed a scorpion
  2424 | D:4      | Killed a scorpion
  2449 | D:4      | Noticed a phantom
  2478 | D:4      | Killed a phantom
  2479 | D:4      | Reached skill level 7 in Axes
  2479 | D:4      | Reached XP level 5. HP: 45/45 MP: 4/4
  2590 | D:4      | Noticed an ogre
  2597 | D:4      | Killed an ogre
  2598 | D:4      | Reached skill level 8 in Axes
  2598 | D:4      | Reached XP level 6. HP: 51/51 MP: 5/5
  2773 | D:4      | Reached *** piety under Trog
  2779 | D:4      | Identified the +3 leather armour of Minor Irritation
                  | {+Blink rElec Int+3}
  2915 | D:4      | Noticed Ijyb
  2930 | D:4      | Killed Ijyb
  2993 | D:4      | Reached skill level 9 in Axes
  3140 | D:4      | Reached XP level 7. HP: 52/57 MP: 6/6
  3162 | D:4      | Found a sparkling altar of Nemelex Xobeh.
  3264 | D:4      | Reached skill level 10 in Axes
  3567 | D:5      | Entered Level 5 of the Dungeon
  3775 | D:5      | Slain by an unseen horror

Illustrated notes

Levels and vault maps discovered:
D:1:      wander_arrival_peaceful_grave, layout_basic, serial_shops, shop
D:2:      layout_basic, serial_park_tiny_1, minmay_tiny_reverse_x
D:3:      layout_loops_ring, mainiacjoe_overflow_24_doors, okawaru_trees_1,
          mainiacjoe_overflow_tiny_flanked, minitemple
D:4:      layout_loops_ring, marbit_many_paths, grunt_decor_mini_mirrors,
          minmay_puff, uniq_ijyb
D:5:      layout_gridville, minmay_fire_ice_demons

Skill      XL: |  1  2  3  4  5  6  7 |
---------------+----------------------+-----
Axes           | 4 5 7 8 9 10 | 10.4
Fighting       | |  3.6
Armour         | |  2.4
Dodging        | |  2.1

Action                     |  1- 3 |  4- 6 |  7- 9 || total
---------------------------+-------+-------+-------++-------
  Melee: Hand axe          |    96 |    68 |    32 ||   196
         Headbutt          |    10 |    10 |     6 ||    26
         Punch             |     1 |       |       ||     1
         War axe           |       |       |    14 ||    14
 Invoke: Berserk           |     3 |     4 |     3 ||    10
         Trog's Hand       |       |       |     1 ||     1
   Stab: Sleeping          |     1 |       |       ||     1
 Armour: Animal skin       |     4 |       |       ||     4
         Scale mail        |    28 |     9 |       ||    37
         Leather armour    |       |     9 |    22 ||    31
  Dodge: Dodged            |    51 |    26 |    25 ||   102

Table legend: (Time is in decaauts)
 A = Elapsed time spent in this place.
 B = Non-inter-level travel time spent in this place.
 C = Inter-level travel time spent in this place.
 D = Time resting spent in this place.
 E = Time spent auto-exploring this place.
 F = Levels seen in this place.
 G = Mean time per level.
                   A        B        C        D        E       F      G
               +--------+--------+--------+--------+--------+-----+--------+
         Total |   3856 |   3744 |    112 |    563 |   2551 |   5 |  771.2 |
       Dungeon |   3856 |   3744 |    112 |    563 |   2551 |   5 |  771.2 |
               +--------+--------+--------+--------+--------+-----+--------+

Top non-repeatable levels by time:
     D:4: 1169 daAuts
     D:2: 1002 daAuts
     D:3: 749 daAuts
     D:1: 718 daAuts
     D:5: 217 daAuts
